 Dungeon Crawl Stone Soup version 0.26.1-10-gdfb7c7de75 (webtiles) character file.

Game seed: 11106982849467258800

73409 Almogavar the Nimble (level 15, -7/115 HPs)
             Began as a Gnoll Wanderer on Apr 3, 2021.
             Was the Champion of Okawaru.
             Mangled by a dire elephant (28 damage)
             ... on level 6 of the Lair of Beasts on Apr 4, 2021.
             The game lasted 02:16:50 (28987 turns).

Almogavar the Nimble (Gnoll Wanderer)              Turns: 28987, Time: 02:16:51

Health: -7/115     AC: 19    Str: 18    XL:     15   Next: 43%
Magic:  27/29      EV: 22    Int: 16    God:    Okawaru [******]
Gold:   1692       SH: 12    Dex: 16    Spells: 28/34 levels left

rFire    + . .     SeeInvis +   L - +3 scimitar (flame)
rCold    x . .     Faith    .   R - +0 buckler of Grace {rPois Will+}
rNeg     . . .     Spirit   .   B - +3 ring mail of Precision Catastrophes {+Inv}
rPois    +         Reflect  +   P - +2 helmet {SInv}
rElec    .         Harm     .   r - scarf {+Inv}
rCorr    .         Rampage  .   A - +1 pair of gloves
Will     ++...                  x - +0 pair of boots
Stlth    ++++......             v - amulet of reflection
HPRegen  0.29/turn              E - ring of fire
MPRegen  0.21/turn              U - +4 ring of evasion

@: no status effects
A: distributed training, fangs 1, thin metallic scales 1, strong nose
a: Renounce Religion, Evoke Invisibility, Heroism, Finesse


You were on level 6 of the Lair of Beasts.
You worshipped Okawaru.
Okawaru was exalted by your worship.
You visited 4 branches of the dungeon, and saw 18 of its levels.
You also visited: Volcano.

You collected 1975 gold pieces.
You spent 283 gold pieces at shops.

Inventory:

Hand Weapons
 g - a +4 scimitar of pain
 L - a +3 scimitar of flaming (weapon)
 X - the +5 fustibalus "Lifebane" {vorpal, rElec rF+ rC+++ Str-4}
   (You found it on level 2 of the Lair of Beasts)

   Any stone fired from it inflicts extra damage.
   It affects your strength (-4).
   It protects you from fire.
   It renders you almost immune to cold.
   It insulates you from electricity.
Missiles
 y - 19 silver javelins
 K - 7 curare-tipped darts
 M - 3 boomerangs
 Q - 15 javelins (quivered)
Armour
 i - a +1 plate armour of fire resistance
 r - a scarf of invisibility (worn)
 x - a +0 pair of boots (worn)
 A - a +1 pair of gloves (worn)
 B - the +3 ring mail of Precision Catastrophes (worn) {+Inv}
   (You acquired it on level 9 of the Dungeon)

   It lets you turn invisible.
 P - a +2 helmet of see invisible (worn)
 R - the +0 buckler of Grace (worn) {rPois Will+}
   (Okawaru gifted it to you on level 2 of the Orcish Mines)

   It protects you from poison.
   It affects your willpower, your defense against some magical effects.
 Z - the +0 cloak of Cofriu {SInv}
   (Okawaru gifted it to you on level 2 of the Lair of Beasts)

   It lets you see invisible.
Jewellery
 a - an uncursed ring of protection from cold
 m - an uncursed ring of positive energy
 u - an uncursed amulet of magic regeneration
 v - an amulet of reflection (around neck)
 z - an uncursed ring of see invisible
 D - an uncursed amulet of guardian spirit
 E - a ring of fire (left hand)
 H - an uncursed ring of stealth
 I - a +6 ring of dexterity
 J - a +6 ring of strength
 U - a +4 ring of evasion (right hand)
 Y - an uncursed ring of magical power
Wands
 c - a wand of iceblast (22)
 e - a wand of acid (4)
 W - a wand of paralysis (10)
Scrolls
 b - 4 scrolls of teleportation
 f - 6 scrolls of remove curse
 j - 5 scrolls of enchant weapon
 l - a scroll of magic mapping
 n - a scroll of fog
 p - 6 scrolls of amnesia
 w - a scroll of fear
 O - 2 scrolls of blinking
Potions
 d - 5 potions of brilliance
 k - a potion of haste {unknown}
 o - 2 potions of invisibility
 q - 3 potions of flight
 s - a potion of magic
 F - a potion of ambrosia
 G - a potion of berserk rage
 N - 4 potions of curing
 S - a potion of heal wounds
 V - 3 potions of might
Miscellaneous
 h - a phantom mirror
 T - a lightning rod (4/4)


   Skills:
 + Level 10.0 Fighting
 + Level 10.0 Short Blades
 + Level 10.3 Long Blades
 + Level 10.0 Axes
 + Level 10.0 Maces & Flails
 + Level 10.0 Polearms
 + Level 10.0 Staves
 + Level 10.0 Slings
 + Level 10.0 Bows
 + Level 10.0 Crossbows
 + Level 10.0 Throwing
 + Level 10.0 Armour
 + Level 11.0 Dodging
 + Level 10.3 Stealth
 + Level 10.3 Shields
 + Level 10.0 Unarmed Combat
 + Level 10.4 Spellcasting
 + Level 8.4 Conjurations
 + Level 8.4 Hexes
 + Level 8.4 Summonings
 + Level 8.4 Necromancy
 + Level 8.4 Translocations
 + Level 8.4 Transmutations
 + Level 8.4 Fire Magic
 + Level 8.4 Ice Magic
 + Level 8.4 Air Magic
 + Level 8.4 Earth Magic
 + Level 10.9 Poison Magic
 + Level 10.9 Invocations
 + Level 10.0 Evocations


You had 28 spell levels left.
You knew the following spells:

 Your Spells              Type           Power        Failure   Level
a - Sting                 Tmut/Pois      100%         1%          1
b - Poisonous Vapours     Pois/Air       78%          1%          2
c - Mephitic Cloud        Conj/Pois/Air  38%          1%          3

Your spell library contained the following spells:

 Spells                   Type           Power        Failure   Level
 Beastly Appendage        Tmut           70%          1%          1
 Sandblast                Erth           70%          1%          1
 Summon Small Mammal      Summ           100%         1%          1
 Call Imp                 Summ           35%          1%          2
 Corpse Rot               Necr/Air       N/A          1%          2
 Passwall                 Tmut/Erth      29%          1%          2
 Sublimation of Blood     Necr           17%          1%          2
 Wereblood                Tmut           35%          1%          2
 Call Canine Familiar     Summ           35%          1%          3
 Ignite Poison            Fire/Tmut/Pois 55%          1%          3
 Spider Form              Tmut/Pois      19%          1%          3
 Stone Arrow              Conj/Erth      70%          1%          3
 Summon Guardian Golem    Hex/Summ       35%          1%          3
 Olgreb's Toxic Radiance  Pois           43%          1%          4
 Ice Form                 Ice/Tmut       35%          4%          4
 Petrify                  Tmut/Erth      35%          4%          4
 Summon Ice Beast         Ice/Summ       35%          4%          4
 Summon Lightning Spire   Summ/Air       35%          4%          4
 Alistair's Intoxication  Tmut/Pois      26%          7%          5
 Blade Hands              Tmut           17%          12%         5
 Borgnjor's Vile Clutch   Necr/Erth      17%          12%         5
 Irradiate                Conj/Tmut      17%          12%         5
 Lee's Rapid Deconstruct  Erth           17%          12%         5
 Summon Forest            Summ/Tloc      17%          12%         5
 Eringya's Noxious Bog    Tmut/Pois      19%          36%         6
 Hydra Form               Tmut           17%          54%         6
 Statue Form              Tmut/Erth      23%          54%         6
 Summon Hydra             Summ           17%          98%         7


Dungeon Overview and Level Annotations

Branches:
Dungeon (9/15)             Temple (1/1) D:5            Lair (6/6) D:8
 Shoals (0/4) Lair:4        Snake (0/4) Lair:4        Slime (0/5) Lair:5
    Orc (2/2) D:9             Elf (0/3) Orc:2       Volcano (visited)

Altars:
Ashenzari
Elyvilon
Fedhas
Kikubaaqudgha
Okawaru
Uskayaw
Xom
Beogh
Jiyva

Shops:
D:5 ?(   D:8 =   Orc:2 ?!:*

Annotations:
D:5 2 transporters, RaHiT's ghost, weakling OpDe
Lair:5 exclusion: oklob plant


Innate Abilities, Weirdness & Mutations

Your experience applies equally to all skills.
You have very sharp teeth.
Your uncanny sense of smell can sniff out nearby items.
You are partially covered in thin metallic scales. (AC +2)


Message History

You throw a javelin.
The javelin pierces through the dire elephant!
The dire elephant is heavily wounded.
Casting: Sting (safe; 1% risk of failure)
Confirm with . or Enter, or press ? or * to list all spells.
Aiming: Sting (safe; 1% risk of failure)
Press: ? - help, Shift-Dir - straight line, f/p - dire elephant
Aim: a dire elephant (severely wounded, poisoned, 0% to evade)
The sting hits the dire elephant but does no damage.
The dire elephant looks even sicker.
The dire elephant is severely wounded.
Casting: Sting (safe; 1% risk of failure)
Confirm with . or Enter, or press ? or * to list all spells.
Aiming: Sting (safe; 1% risk of failure)
Press: ? - help, Shift-Dir - straight line, f/p - dire elephant
Aim: a dire elephant (severely wounded, very poisoned, 0% to evade)
The sting hits the dire elephant.
The dire elephant looks even sicker.
The dire elephant is severely wounded.
You feel better. The dire elephant tramples you!!
You die...

#..YY≈##.#......♣....≈..≈.≈≈.
#≈≈≈≈≈≈#.#............≈.≈.≈.≈
#≈≈≈≈≈.#.#........≈.....≈.≈≈≈
##≈≈≈.##.#.....#..♣....≈.≈.≈≈
#''####.#..†..#....≈...≈.≈≈≈
....##8.#...........♣.≈≈..≈.
#....#...'............♣♣♣....
#....#.⌠.'...................
#$((:#...'..@......##########
##)}###8.#..Y.....##...###...
#######.#.†......#.....#....
##....##.#.......###...###...
#......#.#......###..#..#..#.
#......#.##....##...###...###
#.....##.#...#.#(....#.....#(
##....#.P#.P.####...###...###
##'####.##..P# ###..#..#..#.


You could see a dire elephant (poisoned).

Vanquished Creatures
  3 dire elephants (Lair:6)
  2 entropy weavers (Lair:6)
  A minotaur (Lair:2)
  The ghost of sipior the Blocker, a journeyman OpCj of Vehumet (Lair:2)
  2 boulder beetles (Lair:5)
  8 hydras
  An anaconda (Lair:6)
  A catoblepas (Lair:5)
  A queen ant (Lair:6)
  4 death yaks (Lair:6)
  5 two-headed ogres
  A sun demon (Volcano)
  A fire crab (Lair:6)
  Pikel (D:6)
  8 orc knights
  2 orc sorcerers
  2 ugly things
  13 elephants
  4 black mambas
  20 cane toads
  3 molten gargoyles
  A rime drake (Lair:5)
  Maggie (D:6)
  An efreet (D:9)
  9 komodo dragons
  4 trolls (D:9)
  A red devil (Volcano)
  4 polar bears
  Prince Ribbit (D:5)
  13 dream sheep
  20 blink frogs
  A vampire (D:9)
  A fire elemental (Lair:4)
  55 yaks
  A basilisk (Lair:3)
  6 fire bats
  Eustachio (D:5)
  6 wyverns
  Edmund (D:6)
  8 wargs
  2 nagas (Lair:4)
  2 hell hounds (Volcano)
  18 soldier ants (Lair:6)
  17 water moccasins
  3 ice beasts
  37 orc warriors
  A phantom (D:9)
  2 black bears
  5 ogres
  9 wolves
  A centaur (D:9)
  A lemure (D:6)
  2 big kobolds (D:9)
  16 bullfrogs
  A water moccasin zombie (D:6)
  A scorpion (D:7)
  5 wights (D:9)
  2 howler monkeys
  4 electric eels
  A centaur zombie (D:6)
  6 lava snakes (Volcano)
  4 crimson imps (D:5)
  4 hounds
  5 jellies
  A bullfrog skeleton (D:9)
  11 orc priests
  30 orc wizards
  Terence (D:1)
  5 iguanas
  20 worker ants
  Robin (D:4)
  3 howler monkey skeletons
  13 gnolls
  9 adders
  A white imp (D:8)
  An ufetubus (D:9)
  2 adder skeletons
  6 worms
  4 dart slugs
  5 leopard geckos
  69 orcs
  3 giant cockroaches
  7 hobgoblins
  6 jackals (D:4)
  4 quokkas
  4 bats
  8 frilled lizards
  12 goblins
  A jackal skeleton (D:4)
  6 kobolds
  A leopard gecko skeleton (D:8)
  A quokka skeleton (D:7)
  6 rats
609 creatures vanquished.

Vanquished Creatures (others)
  A leopard gecko (D:8)
  27 fungi
  53 plants
81 creatures vanquished.

Grand Total: 690 creatures vanquished

Notes
Turn   | Place    | Note
-------+----------+-------------------------------------------
     0 | D:1      | Almogavar the Gnoll Wanderer began the quest for the Orb.
     0 | D:1      | Almogavar set off with the following items: a +0 club, a
                  | scroll of teleportation, a +0 robe; and the following spell
                  | memorised: Sting; and the following spells available to
                  | memorise: Poisonous Vapours, Olgreb's Toxic Radiance,
                  | Ignite Poison, Mephitic Cloud
     0 | D:1      | Reached XP level 1. HP: 13/13 MP: 4/4
   471 | D:1      | Reached XP level 2. HP: 17/19 MP: 3/5
  1203 | D:2      | Noticed Terence
  1455 | D:1      | Killed Terence
  1456 | D:1      | Reached XP level 3. HP: 7/25 MP: 4/7
  1716 | D:1      | Reached skill level 1 in Invocations
  2120 | D:2      | Gained mutation: Armour fits poorly on your strangely
                  | shaped body. [potion of mutation]
  2120 | D:2      | Lost mutation: Armour fits poorly on your strangely shaped
                  | body. [potion of mutation]
  2120 | D:2      | Gained mutation: You are partially covered in thin metallic
                  | scales. (AC +2) [potion of mutation]
  2127 | D:2      | Reached skill level 1 in Fighting
  2127 | D:2      | Reached skill level 1 in Short Blades
  2127 | D:2      | Reached skill level 1 in Axes
  2127 | D:2      | Reached skill level 1 in Maces & Flails
  2127 | D:2      | Reached skill level 1 in Polearms
  2127 | D:2      | Reached skill level 1 in Staves
  2127 | D:2      | Reached skill level 1 in Slings
  2127 | D:2      | Reached skill level 1 in Bows
  2127 | D:2      | Reached skill level 1 in Crossbows
  2127 | D:2      | Reached skill level 1 in Throwing
  2127 | D:2      | Reached skill level 1 in Armour
  2127 | D:2      | Reached skill level 1 in Unarmed Combat
  2127 | D:2      | Reached skill level 1 in Evocations
  2127 | D:2      | Reached XP level 4. HP: 24/32 MP: 3/8
  2427 | D:2      | Reached skill level 1 in Conjurations
  2427 | D:2      | Reached skill level 1 in Hexes
  2427 | D:2      | Reached skill level 1 in Summonings
  2427 | D:2      | Reached skill level 1 in Necromancy
  2427 | D:2      | Reached skill level 1 in Translocations
  2427 | D:2      | Reached skill level 1 in Transmutations
  2427 | D:2      | Reached skill level 1 in Fire Magic
  2427 | D:2      | Reached skill level 1 in Ice Magic
  2427 | D:2      | Reached skill level 1 in Air Magic
  2427 | D:2      | Reached skill level 1 in Earth Magic
  2872 | D:3      | Reached XP level 5. HP: 37/37 MP: 9/9
  3123 | D:3      | Found an ancient bone altar of Kikubaaqudgha.
  4106 | D:4      | Reached XP level 6. HP: 44/44 MP: 10/10
  4657 | D:4      | Noticed Robin
  4678 | D:4      | Killed Robin
  4679 | D:4      | Reached skill level 5 in Dodging
  5155 | D:4      | Reached XP level 7. HP: 24/50 MP: 9/12
  5815 | D:5      | Entered Level 5 of the Dungeon
  5846 | D:5      | Noticed Eustachio
  5857 | D:5      | Killed Eustachio
  5912 | D:5      | Found a staircase to the Ecumenical Temple.
  5922 | Temple   | Entered the Ecumenical Temple
  5937 | Temple   | Became a worshipper of Warmaster Okawaru
  5966 | D:5      | Found a transporter.
  6009 | D:5      | Noticed RaHiT's ghost (weakling OpDe)
  6055 | D:5      | Found a transporter.
  6111 | D:5      | Found a hide-covered altar of Uskayaw.
  6156 | D:5      | Reached XP level 8. HP: 26/57 MP: 14/14
  6398 | D:5      | Found a shimmering altar of Xom.
  6762 | D:5      | Found Pait's Antique Weapon Shop.
  6909 | D:5      | Learned a level 2 spell: Poisonous Vapours
  7106 | D:5      | Found Akugah's Magic Scroll Emporium.
  7110 | D:5      | Bought a scroll of enchant weapon for 82 gold pieces
  7285 | D:6      | Noticed Prince Ribbit
  7315 | D:5      | Killed Prince Ribbit
  7315 | D:5      | Reached * piety under Okawaru
  7426 | D:6      | Noticed Edmund
  7436 | D:6      | Killed Edmund
  7510 | D:6      | Reached skill level 6 in Dodging
  7629 | D:6      | Noticed Pikel
  7638 | D:6      | Killed Pikel
  7639 | D:6      | Reached skill level 5 in Spellcasting
  7639 | D:6      | Reached XP level 9. HP: 65/65 MP: 16/16
  8104 | D:6      | Noticed Maggie
  8119 | D:6      | Killed Maggie
  8119 | D:6      | Reached ** piety under Okawaru
  8120 | D:6      | Reached skill level 5 in Long Blades
  8120 | D:6      | Reached skill level 5 in Stealth
  8120 | D:6      | Reached skill level 5 in Shields
  8595 | D:7      | Identified the Grimoire of Shape Shifting and Unholy Magic
  8884 | D:7      | Reached skill level 5 in Invocations
  9614 | D:8      | Found a staircase to the Lair.
  9857 | D:8      | Noticed a two-headed ogre
  9867 | D:8      | Killed a two-headed ogre
  9867 | D:8      | Reached *** piety under Okawaru
  9868 | D:8      | Reached skill level 5 in Fighting
  9868 | D:8      | Reached skill level 5 in Short Blades
  9868 | D:8      | Reached skill level 5 in Axes
  9868 | D:8      | Reached skill level 5 in Maces & Flails
  9868 | D:8      | Reached skill level 5 in Polearms
  9868 | D:8      | Reached skill level 5 in Staves
  9868 | D:8      | Reached skill level 5 in Slings
  9868 | D:8      | Reached skill level 5 in Bows
  9868 | D:8      | Reached skill level 5 in Crossbows
  9868 | D:8      | Reached skill level 5 in Throwing
  9868 | D:8      | Reached skill level 5 in Armour
  9868 | D:8      | Reached skill level 5 in Unarmed Combat
  9868 | D:8      | Reached skill level 5 in Evocations
  9868 | D:8      | Reached XP level 10. HP: 33/74 MP: 10/18
 10381 | D:8      | Found Qiuh's Jewellery Boutique.
 10580 | D:8      | Reached skill level 7 in Dodging
 10637 | D:8      | Noticed a two-headed ogre
 10978 | D:9      | Noticed a two-headed ogre
 10999 | D:9      | Found a blossoming altar of Fedhas.
 11063 | D:8      | Killed a two-headed ogre
 11254 | D:8      | Killed a two-headed ogre
 11254 | D:8      | Reached **** piety under Okawaru
 11254 | D:8      | Received a gift from Okawaru
 12072 | D:9      | Noticed a two-headed ogre
 12092 | D:9      | Killed a two-headed ogre
 12092 | D:9      | Received a gift from Okawaru
 12093 | D:9      | Reached XP level 11. HP: 78/81 MP: 12/20
 12430 | D:9      | Reached skill level 5 in Conjurations
 12430 | D:9      | Reached skill level 5 in Hexes
 12430 | D:9      | Reached skill level 5 in Summonings
 12430 | D:9      | Reached skill level 5 in Necromancy
 12430 | D:9      | Reached skill level 5 in Translocations
 12430 | D:9      | Reached skill level 5 in Transmutations
 12430 | D:9      | Reached skill level 5 in Fire Magic
 12430 | D:9      | Reached skill level 5 in Ice Magic
 12430 | D:9      | Reached skill level 5 in Air Magic
 12430 | D:9      | Reached skill level 5 in Earth Magic
 12573 | D:9      | Received a gift from Okawaru
 12927 | D:9      | HP: 2/81 [vampire/vampiric draining (15)]
 12937 | D:9      | HP: 3/81 [vampire/vampiric draining (15)]
 13276 | D:9      | Found a staircase to the Orcish Mines.
 13394 | D:9      | HP: 1/81 [efreet/fireball (13)]
 13936 | D:9      | Noticed a two-headed ogre
 13938 | D:9      | Noticed a green ugly thing
 13955 | D:9      | Killed a two-headed ogre
 13955 | D:9      | Reached ***** piety under Okawaru
 13955 | D:9      | Received a gift from Okawaru
 13961 | D:9      | Killed a green ugly thing
 14326 | D:9      | Got a coiled turquoise ring
 14473 | D:9      | Identified a scroll of acquirement
 14474 | D:9      | Acquired the +3 ring mail of Precision Catastrophes {+Inv}
 14564 | Orc:1    | Entered Level 1 of the Orcish Mines
 14578 | D:9      | Received a gift from Okawaru
 14579 | D:9      | Reached skill level 8 in Dodging
 15093 | Orc:2    | Entered Level 2 of the Orcish Mines
 15093 | Orc:2    | Found a staircase to the Elven Halls.
 15093 | Orc:2    | Found a roughly hewn altar of Beogh.
 15125 | Orc:2    | Received a gift from Okawaru
 15373 | Orc:2    | Noticed an orc knight
 15380 | Orc:2    | Noticed an orc sorcerer
 15398 | Orc:1    | Killed an orc knight
 15398 | Orc:1    | Received a gift from Okawaru
 15477 | Orc:2    | Killed an orc sorcerer
 15508 | Orc:2    | Noticed an orc knight
 15531 | Orc:2    | Killed an orc knight
 15532 | Orc:2    | Reached XP level 12. HP: 76/89 MP: 23/23
 15753 | Orc:2    | Received a gift from Okawaru
 16197 | Orc:2    | Found Yvvu Locs's Magic Scroll Shoppe.
 16197 | Orc:2    | Found Suad's Distillery.
 16202 | Orc:2    | Bought a scroll of blinking for 135 gold pieces
 16236 | Orc:2    | Received a gift from Okawaru
 16353 | Orc:2    | Bought a potion of curing for 33 gold pieces
 16353 | Orc:2    | Bought a potion of curing for 33 gold pieces
 16477 | Orc:2    | Found a roughly hewn altar of Beogh.
 16656 | Orc:2    | Received a gift from Okawaru
 16659 | Orc:2    | Got an encrusted buckler {god gift}
 16665 | Orc:2    | Identified the +0 buckler of Grace {rPois Will+} (Okawaru
                  | gifted it to you on level 2 of the Orcish Mines)
 16903 | Orc:2    | Found Gucyfraf's Book Shoppe.
 16903 | Orc:2    | Found Putazesk's General Store.
 17247 | Orc:1    | Found an iron altar of Okawaru.
 17951 | D:9      | Identified the ring "Gowkuel" {*Tele *Drain rElec Dex+4
                  | Slay-6} (You found it on level 9 of the Dungeon)
 18113 | Lair:1   | Entered Level 1 of the Lair of Beasts
 18223 | Lair:1   | Noticed a five-headed hydra
 18235 | Lair:1   | Killed a three-headed hydra
 18447 | Lair:1   | Learned a level 3 spell: Mephitic Cloud
 18455 | Lair:1   | Reached skill level 9 in Dodging
 19821 | Lair:2   | Got an iridescent fustibalus
 19822 | Lair:2   | Identified the +5 fustibalus "Lifebane" {vorpal, rElec rF+
                  | rC+++ Str-4} (You found it on level 2 of the Lair of
                  | Beasts)
 20038 | Lair:2   | Reached XP level 13. HP: 89/98 MP: 23/25
 20082 | Lair:2   | Noticed a minotaur
 20086 | Lair:2   | Noticed sipior's ghost (journeyman OpCj)
 20159 | Lair:2   | Found a runed translucent gate.
 20159 | Lair:2   | Found a runed translucent gate.
 20159 | Lair:2   | Found a runed translucent gate.
 20939 | Lair:2   | Killed a minotaur
 20939 | Lair:2   | Received a gift from Okawaru
 20958 | Lair:2   | Killed sipior's ghost
 20960 | Lair:2   | Got a jewelled cloak {god gift}
 20966 | Lair:2   | Identified the +0 cloak of Cofriu {SInv} (Okawaru gifted it
                  | to you on level 2 of the Lair of Beasts)
 21093 | Lair:3   | Reached skill level 10 in Poison Magic
 21101 | Lair:3   | Reached ****** piety under Okawaru
 21128 | Lair:3   | You fall into a shaft and drop 2 floors!
 21631 | Lair:3   | Found a dark tunnel.
 21638 | Volcano  | Entered a volcano
 21996 | Volcano  | Found a bloodstained altar of Trog.
 22503 | Lair:3   | Reached XP level 14. HP: 87/106 MP: 27/27
 22580 | Lair:3   | Reached skill level 10 in Dodging
 22684 | Lair:3   | Received a gift from Okawaru
 23498 | Lair:4   | Received a gift from Okawaru
 23714 | Lair:4   | Found a staircase to the Shoals.
 23733 | Lair:4   | Reached skill level 10 in Invocations
 23833 | Lair:4   | Found a staircase to the Snake Pit.
 24589 | Lair:5   | Found a viscous altar of Jiyva.
 24589 | Lair:5   | Found a staircase to the Slime Pits.
 25472 | Lair:6   | Entered Level 6 of the Lair of Beasts
 25862 | Lair:6   | Noticed an entropy weaver
 26473 | Lair:6   | Reached skill level 10 in Spellcasting
 26591 | Lair:6   | Received a gift from Okawaru
 26592 | Lair:6   | Reached skill level 10 in Long Blades
 26592 | Lair:6   | Reached skill level 10 in Shields
 26795 | Lair:6   | Reached skill level 10 in Stealth
 26795 | Lair:6   | Reached XP level 15. HP: 103/115 MP: 29/29
 27068 | Lair:6   | Received a gift from Okawaru
 27885 | Lair:6   | Reached skill level 10 in Fighting
 27885 | Lair:6   | Reached skill level 10 in Short Blades
 27885 | Lair:6   | Reached skill level 10 in Axes
 27885 | Lair:6   | Reached skill level 10 in Maces & Flails
 27885 | Lair:6   | Reached skill level 10 in Polearms
 27885 | Lair:6   | Reached skill level 10 in Staves
 27885 | Lair:6   | Reached skill level 10 in Slings
 27885 | Lair:6   | Reached skill level 10 in Bows
 27885 | Lair:6   | Reached skill level 10 in Crossbows
 27885 | Lair:6   | Reached skill level 10 in Throwing
 27885 | Lair:6   | Reached skill level 10 in Armour
 27885 | Lair:6   | Reached skill level 10 in Unarmed Combat
 27885 | Lair:6   | Reached skill level 10 in Evocations
 28907 | Lair:6   | Reached skill level 11 in Dodging
 28987 | Lair:6   | Mangled by a dire elephant

Illustrated notes

Levels and vault maps discovered:
D:1:      co_arrival_square_in_a_square_in_a_square, layout_loops_ring
D:2:      minmay_razor_zed, layout_basic, fountainhead, uniq_terence
D:3:      layout_loops_ring, general_overflow_altar
D:4:      layout_basic, serial_glass, glass_columns_a, glass_columns_a,
          hangedman_decor_peaks_small, uniq_robin
D:5:      layout_basic, minmay_temple_entry_ruins, basic_altar, serial_shops,
          shop, shop_scrolls, gammafunk_ghost_hive, led_xom_imps, uniq_eustachio
D:6:      layout_basic, uniq_maggie, uniq_edmund, uniq_prince_ribbit1,
          uniq_pikel
D:7:      minmay_flawed_box, layout_cave_pools
D:8:      layout_gridville, lair_entry_dummy, serial_shops,
          nicolae_shop_statue_plus
D:9:      minmay_the_grid_octo_tiled_octocenter
          [minmay_the_grid_octo_concentric, minmay_the_grid_octo_checkerflower,
          minmay_the_grid_octo_teeth, minmay_the_grid_octo_checkered,
          minmay_the_grid_octo_prize_single_spiral,
          minmay_the_grid_square_5x5_spiral_small,
          minmay_the_grid_square_5x5_doubleslash,
          minmay_the_grid_square_5x5_shuriken,
          minmay_the_grid_square_5x5_hourglass], layout_loops_ring,
          fedhas_altar_3
Temple:   minmay_crystal_snake_temple
Lair:1:   layout_layer_cave, serial_bayou_shore_a, lemuel_fruit_fields
Lair:2:   layout_cave_pods, maelrawn_ghost_gauntlet_escape, st_stairs_5
Lair:3:   layout_misc_corridors, enter_volcano_2,
          chequers_serial_rivers_small_3, grunt_megastairs_4
Lair:4:   layout_gridlike, shoals_dummy_entry, guppyfry_snake_entry_garden
Lair:5:   layout_regular_city, dpeg_slime_entry_enclosed_altar,
          chequers_serial_rivers_large_a, nzn_sisyphean_effort,
          minmay_lair_oklob_chamber
Lair:6:   due_jungle_book, layout_cave_shapes, nicolae_quartered_pool_super,
          nicolae_lair_grove_arrangements, zaba_antful_of_joy
Orc:1:    layout_diamond_mine, library_closet, okawaru_metal_pillars_1_2
Orc:2:    st_orc_town, layout_caves, basic_altar, abandoned_shop

Skill      XL: |  1  2  3  4  5  6  7  8  9 10 11 12 13 14 15 |
---------------+----------------------------------------------+-----
Invocations    | 1 2 3 4 5 6 7 8 9 10 | 10.9
Fighting       | 1 2 4 5 6 7 8 9 10 | 10.0
Short Blades   | 1 2 4 5 6 7 8 9 10 | 10.0
Axes           | 1 2 4 5 6 7 8 9 10 | 10.0
Maces & Flails | 1 2 4 5 6 7 8 9 10 | 10.0
Polearms       | 1 2 4 5 6 7 8 9 10 | 10.0
Staves         | 1 2 4 5 6 7 8 9 10 | 10.0
Slings         | 1 2 4 5 6 7 8 9 10 | 10.0
Bows           | 1 2 4 5 6 7 8 9 10 | 10.0
Crossbows      | 1 2 4 5 6 7 8 9 10 | 10.0
Throwing       | 1 2 4 5 6 7 8 9 10 | 10.0
Armour         | 1 2 4 5 6 7 8 9 10 | 10.0
Unarmed Combat | 1 2 4 5 6 7 8 9 10 | 10.0
Spellcasting   | 3 4 5 6 7 8 9 10 | 10.4
Evocations     | 1 2 4 5 6 7 8 9 10 | 10.0
Conjurations   | 1 2 3 4 5 6 7 8 |  8.4
Hexes          | 1 2 3 4 5 6 7 8 |  8.4
Summonings     | 1 2 3 4 5 6 7 8 |  8.4
Necromancy     | 1 2 3 4 5 6 7 8 |  8.4
Translocations | 1 2 3 4 5 6 7 8 |  8.4
Transmutations | 1 2 3 4 5 6 7 8 |  8.4
Fire Magic     | 1 2 3 4 5 6 7 8 |  8.4
Ice Magic      | 1 2 3 4 5 6 7 8 |  8.4
Air Magic      | 1 2 3 4 5 6 7 8 |  8.4
Earth Magic    | 1 2 3 4 5 6 7 8 |  8.4
Long Blades    | 3 4 5 6 7 8 9 10 | 10.3
Shields        | 3 4 5 6 7 8 9 10 | 10.3
Stealth        | 3 4 5 6 7 8 9 10 | 10.3
Dodging        | 5 6 7 8 9 10 11 | 11.0
Poison Magic   | 8 9 10 | 10.9

Action                   |  1- 3 |  4- 6 |  7- 9 | 10-12 | 13-15 || total
-------------------------+-------+-------+-------+-------+-------++-------
Melee: Short sword       |    70 |   246 |     8 |       |       ||   324
       Bite              |     7 |    25 |    54 |   101 |   181 ||   368
       Punch             |     1 |     1 |     2 |    29 |       ||    33
       Falchion          |       |       |   296 |   174 |       ||   470
       Scimitar          |       |       |       |   344 |   926 ||  1270
Throw: Javelin           |       |    29 |    59 |   104 |    29 ||   221
       Dart              |       |       |       |    11 |       ||    11
       Boomerang         |       |       |       |    29 |   362 ||   391
 Cast: Sting             |    19 |    34 |    20 |   109 |    95 ||   277
       Poisonous Vapours |       |       |    51 |    62 |     3 ||   116
       Mephitic Cloud    |       |       |       |       |    17 ||    17
Invok: Heroism           |       |       |     1 |    15 |     7 ||    23
  Use: Potion            |     3 |       |       |     9 |     4 ||    16
       Scroll            |       |     8 |     7 |     5 |    14 ||    34
 Stab: Sleeping          |       |       |       |     1 |     1 ||     2
       Confused          |       |       |       |       |    15 ||    15
       Petrified         |       |       |       |       |     1 ||     1
Armor: Robe              |     3 |       |       |       |       ||     3
       Ring mail         |     5 |       |       |    56 |   203 ||   264
       Scale mail        |    11 |    81 |   109 |    63 |       ||   264
Dodge: Dodged            |    42 |   159 |   160 |   369 |   763 ||  1493
Block: Other             |       |    10 |    60 |    94 |       ||   164
       Reflection        |       |       |     3 |     2 |       ||     5
       Buckler           |       |       |       |    80 |   568 ||   648
       Rpst.: Falchion   |       |       |    52 |    31 |       ||    83
       Scimitar          |       |       |       |    60 |   212 ||   272
